 Dungeon Crawl Stone Soup version 0.29-a0-319-gad05b8d819 (webtiles) character file.

Game seed: 12625131787686728537

55 Murumi the Skirmisher (level 4, 0/36 (37) HPs)
             Began as a Formicid Abyssal Knight on Apr 2, 2022.
             Was a Believer of Lugonu.
             Slain by a gnoll
             ... wielding a +0 spear
              (1 damage)
             ... on level 2 of the Dungeon.
             The game lasted 00:03:29 (1418 turns).

Murumi the Skirmisher (Formicid Abyssal Knight)     Turns: 1418, Time: 00:03:29

HP:   0/36 (37)     AC:  5    Str: 20    XL:     4   Next: 14%
MP:   6/6           EV: 10    Int:  9    God:    Lugonu [**....]
Gold: 22            SH:  0    Dex: 11    Spells: 3/3 levels left

rFire   . . .      SeeInvis +   i - +1 whip (flame)
rCold   . . .      Faith    .   (no shield)
rNeg    . . .      Spirit   .   d - +0 ring mail
rPois   .          Reflect  .   (helmet unavailable)
rElec   .          Harm     .   (no cloak)
rCorr   .          Rampage  .   (no gloves)
Will    .....                   (no boots)
Stlth   +.........              (no amulet)
HPRegen 0.12/turn               (no ring)
MPRegen 0.10/turn               (no ring)

@: lightly drained
A: permanent stasis, dig shafts and tunnels, antennae 3, four strong arms
a: Dig, Shaft Self, Renounce Religion, Depart the Abyss, Bend Space


You were on level 2 of the Dungeon.
You worshipped Lugonu.
Lugonu was pleased with you.
You visited 1 branch of the dungeon, and saw 2 of its levels.
You visited the Abyss 1 time.

You collected 22 gold pieces.

Inventory:

Hand Weapons
 i - a +1 whip of flaming (weapon)
Armour
 d - a +0 ring mail (worn)
Potions
 b - a potion of mutation
 c - 2 potions of curing {unknown}
 e - a potion of might {unknown}
 f - 4 potions of lignification {unknown}
 g - a potion of brilliance {unknown}
 h - a potion of haste {unknown}


   Skills:
 - Level 4.0 Fighting
 - Level 2.0 Maces & Flails
 - Level 3.0 Armour
 - Level 1.0 Dodging
 + Level 1.7 Stealth
 - Level 3.0 Invocations


You had 3 spell levels left.
You didn't know any spells.
Your spell library contained the following spells:

 Spells                   Type           Power      Damage    Failure   Level
 Animate Skeleton         Necr           0%         N/A       56%         1
 Pain                     Necr           0%         1d4       56%         1
 Ensorcelled Hibernation  Hex/Ice        0%         N/A       71%         2
 Spider Form              Tmut/Pois      0%         N/A       90%         3
 Vampiric Draining        Necr           0%         2d6       90%         3
 Anguish                  Hex/Necr       0%         N/A       100%        4


Dungeon Overview and Level Annotations

Branches:
Dungeon (2/15)

Altars:

Shops:
D:2 [


Innate Abilities, Weirdness & Mutations

You cannot be hasted, slowed, berserked, paralysed or teleported.
You can dig through walls and to a lower floor.
You have a pair of large antennae on your head. (SInv)
Your four strong arms can wield two-handed weapons with a shield.


Message History

You hit the gnoll but do no damage.
The gnoll is moderately wounded.
The gnoll hits you with a +0 whip.
You hit the gnoll. You burn the gnoll.
The gnoll is heavily wounded.
The gnoll hits you with a +0 whip.
* * * LOW HITPOINT WARNING * * *
You barely miss the gnoll.
The gnoll is heavily wounded.
The gnoll misses you.
You hit the gnoll. You burn the gnoll.
The gnoll is almost dead.
The gnoll hits you with a +0 whip.
* * * LOW HITPOINT WARNING * * *
Okay, then.
You barely miss the gnoll.
The gnoll is almost dead.
The gnoll barely misses you.
You hit the gnoll. You burn the gnoll.
You kill the gnoll!
Lugonu accepts your kill.
Your Stealth skill increases to level 1!
You have reached level 4!
You feel stronger.
You hit the gnoll. You burn the gnoll.
The gnoll is heavily wounded.
The gnoll hits you but does no damage.
You hit the gnoll. You burn the gnoll.
The gnoll is severely wounded.
The gnoll closely misses you.
You barely miss the gnoll.
The gnoll is severely wounded.
The gnoll barely misses you.
You closely miss the gnoll.
The gnoll is severely wounded.
The gnoll hits you with a +0 spear.
* * * LOW HITPOINT WARNING * * *
You hit the gnoll. You burn the gnoll.
The gnoll is almost dead.
The gnoll hits you with a +0 spear.
You die...

#.....# #.....#
#....## #.g..#
#...## ##
##...# .#
#..g## .#
##...### .#
#..g{#@# .#
##...#g## .#
#....### .#
#....#
.#########....#
.....)...#....#
########.#....#
#.##...#
#..#...#


You could see a gnoll.

Vanquished Creatures
  2 gnolls (D:2)
  2 dart slugs
  An endoplasm (D:1)
  A giant cockroach (D:2)
  5 hobgoblins
  4 jackals (D:1)
  2 quokkas
  2 ball pythons (D:1)
  2 bats
  2 frilled lizards (D:1)
  2 goblins (D:1)
  4 kobolds
  A rat (D:1)
30 creatures vanquished.

Notes
Turn   | Place    | Note
-------+----------+-------------------------------------------
     0 | Abyss:1  | Murumi the Formicid Abyssal Knight began the quest for the
                  | Orb.
     0 | Abyss:1  | Reached XP level 1. HP: 18/18 MP: 2/2
    51 | Abyss:1  | Noticed a smoke demon
    51 | Abyss:1  | Noticed an ancient zyme
    52 | D:1      | Escaped the Abyss
    92 | D:1      | Reached skill level 1 in Dodging
   230 | D:1      | Reached XP level 2. HP: 24/25 MP: 3/3
   367 | D:1      | Reached skill level 4 in Fighting
   875 | D:1      | Reached XP level 3. HP: 30/30 MP: 4/4
  1238 | D:2      | Found Quoseso's Antique Armour Shop.
  1375 | D:2      | Found a faded altar of an unknown god.
  1414 | D:2      | Reached skill level 1 in Stealth
  1414 | D:2      | Reached XP level 4. HP: 3/36 MP: 6/6
  1417 | D:2      | HP: 1/36 [gnoll/+0 spear (2)]
  1418 | D:2      | Slain by a gnoll

Illustrated notes

Levels and vault maps discovered:
D:1:      dpeg_arrival_pond, layout_loops_ring
D:2:      layout_basic, serial_shops, nicolae_shop_window_shopping,
          hellmonk_ecumenical_altar_zigzags

Skill      XL: |  1  2  3 |
---------------+----------+-----
Dodging        | 1 |  1.0
Fighting       | 4 |  4.0
Armour         | 3 |  3.0
Invocations    | 3 |  3.0
Stealth        | 1 |  1.7
Maces & Flails | |  2.0

Action                   |  1- 3 |  4- 6 || total
-------------------------+-------+-------++-------
Melee: Mace              |    61 |       ||    61
       Punch             |     3 |       ||     3
       Whip              |    29 |     5 ||    34
Invok: Depart the Abyss  |     1 |       ||     1
 Abil: Dig               |     2 |       ||     2
  Use: Scroll            |     3 |       ||     3
Armor: Leather armour    |     7 |       ||     7
       Ring mail         |    25 |     1 ||    26
Dodge: Dodged            |    39 |     2 ||    41

Table legend: (Time is in decaauts)
 A = Elapsed time spent in this place.
 B = Non-inter-level travel time spent in this place.
 C = Inter-level travel time spent in this place.
 D = Time resting spent in this place.
 E = Time spent auto-exploring this place.
 F = Levels seen in this place.
 G = Mean time per level.
                   A        B        C        D        E       F      G
               +--------+--------+--------+--------+--------+-----+--------+
         Total |   1437 |   1349 |     88 |      0 |   1082 |   3 |  479.0 |
       Dungeon |   1385 |   1297 |     88 |      0 |   1032 |   2 |  692.5 |
         Abyss |     52 |     52 |      0 |      0 |     50 |   1 |   52.0 |
               +--------+--------+--------+--------+--------+-----+--------+

Top non-repeatable levels by time:
     D:1: 1196 daAuts
     D:2: 189 daAuts
 Abyss:1: 52 daAuts
